AoeStats
← perpetualsigh

Arabia

509420507Analyzed
3v3 RM · 5d ago on Sep 26, 2026· 35m 48s· 6 players
Game mode
Random Map
Map size
Normal (6 player)
Population
200
Speed
Normal
Resources
Standard
Victory
Conquest
Starting age
Dark Age
Ending age
Imperial Age
RankedLock teamsTeams togetherTeam positionsShared explorationLock speedFull tech treeHidden civsTurbo modeCheats
Victory
Defeat
🇹🇷 Teutons · Türkiye
941
+12
🇸🇪 Danes · Sweden
911
+13
🇧🇪 Cumans · Belgium
905
+14
🇬🇧 Muisca · United Kingdom
862
-33
🇬🇧 Varangians · United Kingdom
851
-28
🇬🇧 Inca · United Kingdom
851
-28
EyesOfWar
2:59 Loom
10:08 Feudal Age
14:28 Scale Barding Armor
16:07 Wheelbarrow
16:04 Double-Bit Axe
16:00 Horse Collar
17:50 Forging
23:57 Castle Age
21:49 Fletching
23:05 Padded Archer Armor
23:06 Scale Mail Armor
24:01 Crossbowman
24:46 Thumb Ring
25:59 Squires
26:23 Bloodlines
27:12 Town Watch
32:32 Hand Cart
Jax
9:08 Loom
10:54 Feudal Age
12:08 Horse Collar
12:15 Double-Bit Axe
13:25 Wheelbarrow
12:38 Town Watch
12:43 Arson
19:24 Castle Age
18:44 Scale Mail Armor
18:54 Forging
19:27 Gold Mining
19:28 Stone Mining
20:24 Heavy Plow
20:35 Bow Saw
22:34 Squires
25:01 Gambesons
26:05 Chain Mail Armor
26:26 Iron Casting
27:54 Fletching
Alpha
0:27 Loom
12:07 Feudal Age
12:41 Double-Bit Axe
12:37 Horse Collar
12:49 Gold Mining
19:47 Castle Age
22:46 Scale Barding Armor
22:54 Forging
34:29 Imperial Age
32:51 Bow Saw
32:53 Heavy Plow
John Hurtin
6:21 Loom
10:39 Feudal Age
11:57 Wheelbarrow
10:47 Champi Runner
15:05 Horse Collar
15:22 Double-Bit Axe
18:24 Forging
19:59 Arson
24:18 Gold Mining
27:23 Castle Age
27:27 Scale Mail Armor
27:18 Fletching
27:30 Padded Archer Armor
28:33 Hand Cart
28:21 Champi Warrior
29:05 Squires
29:42 Iron Casting
29:23 Chain Mail Armor
30:06 Bodkin Arrow
30:27 Leather Archer Armor
34:53 Thumb Ring
35:44 Heavy Plow
35:57 Bow Saw
36:25 Gold Shaft Mining
35:46 Stone Mining
perpetualsigh
5:49 Loom
9:07 Feudal Age
9:51 Double-Bit Axe
15:06 Bloodlines
16:50 Horse Collar
20:53 Wheelbarrow
24:08 Castle Age
23:11 Fletching
23:21 Padded Archer Armor
27:47 Bodkin Arrow
31:06 Ballistics
32:10 Leather Archer Armor
CptNonceFinder
7:24 Loom
9:53 Feudal Age
10:25 Double-Bit Axe
11:39 Champi Runner
13:43 Scale Mail Armor
16:35 Horse Collar
18:08 Forging
24:37 Gold Mining
24:39 Stone Mining
26:57 Castle Age
26:54 Wheelbarrow
27:08 Champi Warrior
27:49 Squires
27:11 Pikeman
34:43 Chain Mail Armor
Connection lost

Rejoining the realm…

Still unreachable

The connection could not be restored.

Session expired

The server has moved on; the page needs a fresh start.